 Dungeon Crawl Stone Soup version 0.31-a0-233-g139696dc86 (webtiles) character file.

Game seed: 4120888168768719597

1428 Iniera the Magician (level 8, -4/41 HPs)
             Began as a Deep Elf Venom Mage on July 8, 2023.
             Was a Follower of Dithmenos.
             Slain by a gnoll sergeant
             ... wielding a +0 spear of venom
              (8 damage)
             ... on level 7 of the Dungeon.
             The game lasted 00:11:40 (6498 turns).

Iniera the Magician (Deep Elf Venom Mage)           Turns: 6498, Time: 00:11:41

Health: -4/41      AC:  7    Str:  5    XL:     8   Next: 44%
Magic:  12/19      EV: 14    Int: 23    God:    Dithmenos [*.....]
Gold:   157        SH:  0    Dex: 15    Spells: 10/20 levels left

rFire   . . .        j - +1 short sword (venom)
rCold   . . .        (no shield)
rNeg    . . .        k - +0 steam dragon scales
rPois   +            (no helmet)
rElec   .            (no cloak)
rCorr   .            l - +1 pair of gloves
SInv    .            (no boots)
Will    .....        (no amulet)
Stlth   +++          g - ring of poison resistance
HPRegen 0.26/turn    (no ring)
MPRegen 0.16/turn

%: no passive effects
@: lethally poisoned (-4 -> -25), wreathed by umbra
A: no striking features
a: Renounce Religion


You were on level 7 of the Dungeon.
You worshipped Dithmenos.
Dithmenos was aware of your devotion.
You visited 2 branches of the dungeon, and saw 8 of its levels.

You collected 318 gold pieces.
You spent 161 gold pieces at shops.

Inventory:

Hand Weapons
 j - a +1 short sword of venom (weapon)
 r - a +0 heavy double sword
Armour
 k - +0 steam dragon scales (worn)
 l - a +1 pair of gloves (worn)
Jewellery
 a - a +6 ring of dexterity
 g - a ring of poison resistance (left hand)
 q - an amulet of guardian spirit
Wands
 t - a wand of iceblast (10)
Scrolls
 e - a scroll of amnesia
 f - 2 scrolls of fear
 p - a scroll of immolation
Potions
 b - a potion of magic
 c - a potion of attraction {unknown}
 d - 4 potions of curing
 h - a potion of heal wounds
 i - a potion of brilliance
 n - a potion of enlightenment
 o - a potion of mutation


   Skills:
 + Level 4.4 Dodging
 + Level 4.7 Stealth
 + Level 6.6 Spellcasting
 + Level 3.0 Conjurations
 - Level 5.0 Transmutations
 + Level 4.0 Air Magic
 + Level 5.9 Poison Magic


You had 10 spell levels left.
You knew the following spells:

 Your Spells              Type           Power      Damage    Failure   Level
a - Sting                 Tmut/Pois      100%       1d8       1%          1
b - Poisonous Vapours     Pois/Air       60%        N/A       1%          2
c - Mephitic Cloud        Conj/Pois/Air  27%        N/A       4%          3
d - Olgreb's Toxic Radia  Pois           34%        N/A       7%          4

Your spell library contained the following spells:

 Spells                   Type           Power      Damage    Failure   Level
 Freeze                   Ice            28%        1d5       9%          1
 Necrotise                Necr           28%        1d5       9%          1
 Slow                     Hex            28%        N/A       9%          1
 Hailstorm                Conj/Ice       14%        3d5       13%         3
 Call Canine Familiar     Summ           7%         N/A       24%         3
 Confusing Touch          Hex            7%         N/A       24%         3
 Frozen Ramparts          Ice            14%        1d3       24%         3
 Portal Projectile        Hex/Tloc       14%        N/A       24%         3
 Vampiric Draining        Necr           7%         2d6       24%         3
 Blade Hands              Tmut           15%        N/A       28%         5
 Summon Lightning Spire   Summ/Air       16%        N/A       34%         4
 Animate Armour           Summ/Erth      14%        N/A       63%         4
 Leda's Liquefaction      Hex/Erth       3%         N/A       63%         4
 Agony                    Necr           7%         N/A       92%         5


Dungeon Overview and Level Annotations

Branches:
Dungeon (7/15)             Temple (1/1) D:4

Altars:
Ashenzari
Cheibriados
Dithmenos
Elyvilon
Gozag
Hepliaklqana
Kikubaaqudgha
Nemelex Xobeh
Okawaru
Ru
Uskayaw
Vehumet
Wu Jian
Xom
Yredelemnul
The Shining One

Shops:
D:3 (   D:6 ?


Message History

Dithmenos accepts your kill.
You kill the orc!
Dithmenos accepts your kill.
An orc wizard comes into view. It is wielding a +0 dagger.
Training target 5.0 for Transmutations reached!
Your Transmutations skill increases to level 5!
A howler monkey comes into view.
The howler monkey is poisoned.
The gnoll looks as sick as possible!
You kill the gnoll!
Dithmenos accepts your kill.
The orc wizard is poisoned.
The gnoll sergeant hits you with a +0 spear of venom!
Your Conjurations skill increases to level 3!
Things that are here:
a +0 club; a gnoll corpse The gnoll sergeant blocks your attack.
The gnoll sergeant is heavily wounded.
The orc wizard looks even sicker.
You kill the gnoll!
Dithmenos accepts your kill.
An orc wizard comes into view. It is wielding a +0 dagger.
The gnoll sergeant hits you with a +0 spear of venom!
You are poisoned.
A howler monkey comes into view.
The howler monkey hoots and howls with incredible vigour!
You hit the gnoll sergeant but do no damage.
The gnoll sergeant looks as sick as possible!
The gnoll sergeant is severely wounded.
The howler monkey looks even sicker.
The howler monkey is poisoned.
The orc wizard is poisoned.
Your toxic aura wanes.
You feel very sick.
The gnoll sergeant hits you with a +0 spear of venom!
* * * LOW HITPOINT WARNING * * *
You are lethally poisoned!
* * * LOW HITPOINT WARNING * * *
You feel very sick.
An orc comes into view. It is wielding a +0 hand axe.
The gnoll sergeant hits you from afar with a +0 spear of venom!
You die...

...###..###.
....(.......
######..#### #..#
########..#
..........#
########.##
#h######## #.#
#h)oog)@.# #.#
#o######.#########.#
#...........#
#############


You could see a gnoll sergeant (extremely poisoned), 2 howler monkeys, 2 orc
wizards and an orc.

Vanquished Creatures
  Sigmund (D:3)
  A steam dragon (D:6)
  An ice beast (D:6)
  A black bear (D:6)
  An orc warrior (D:6)
  A bullfrog (D:6)
  3 scorpions
  A howler monkey (D:6)
  A hound (D:4)
  A gnoll bouda (D:5)
  3 jellies
  4 iguanas
  2 orc wizards (D:7)
  10 gnolls
  6 adders
  A shadow imp (D:7)
  A white imp (D:6)
  A worm (D:5)
  2 dart slugs
  16 orcs
  5 ball pythons
  6 endoplasms
  4 giant cockroaches
  14 goblins
  14 hobgoblins
  6 jackals
  2 quokkas
  2 bats
  3 frilled lizards (D:2)
  10 kobolds
  6 rats
130 creatures vanquished.

Notes
Turn   | Place    | Note
-------+----------+-------------------------------------------
     0 | D:1      | Iniera the Deep Elf Venom Mage began the quest for the Orb.
     0 | D:1      | Reached XP level 1. HP: 10/10 MP: 6/6
   196 | D:1      | Reached XP level 2. HP: 12/15 MP: 0/8
   322 | D:1      | Learned a level 2 spell: Poisonous Vapours
   695 | D:2      | Reached XP level 3. HP: 19/19 MP: 10/10
  1226 | D:2      | Reached skill level 1 in Air Magic
  1412 | D:3      | Noticed Sigmund
  1428 | D:3      | Killed Sigmund
  1429 | D:3      | Reached skill level 4 in Spellcasting
  1429 | D:3      | Reached XP level 4. HP: 23/24 MP: 2/12
  1429 | D:3      | Reached XP level 5. HP: 27/28 MP: 2/14
  1513 | D:3      | Learned a level 3 spell: Mephitic Cloud
  1518 | D:3      | Learned a level 4 spell: Olgreb's Toxic Radiance
  1849 | D:3      | Found Umax's Weapon Boutique.
  2426 | D:3      | Found a broken altar of Ashenzari.
  2760 | D:4      | Reached skill level 5 in Spellcasting
  2760 | D:4      | Reached XP level 6. HP: 7/32 MP: 9/15
  3244 | D:4      | Found a staircase to the Ecumenical Temple.
  3273 | Temple   | Entered the Ecumenical Temple
  3424 | Temple   | Became a worshipper of Dithmenos the Shadowed
  3644 | D:4      | Reached skill level 5 in Poison Magic
  3848 | D:5      | Entered Level 5 of the Dungeon
  3853 | D:5      | Found a white marble altar of Elyvilon.
  4199 | D:5      | Reached XP level 7. HP: 27/36 MP: 7/17
  4335 | D:5      | Reached skill level 1 in Conjurations
  4999 | D:6      | Noticed a steam dragon
  5027 | D:6      | Killed a steam dragon
  5155 | D:6      | Identified the staff "Wogyosk" {Fly rF+ Int-3 Dex+5 Fire}
  5360 | D:6      | Found Pisaw's Magic Scroll Shop.
  5368 | D:6      | Bought a scroll of enchant armour for 105 gold pieces
  5369 | D:6      | Bought a scroll of identify for 28 gold pieces
  5369 | D:6      | Bought a scroll of identify for 28 gold pieces
  5583 | D:6      | Reached skill level 6 in Spellcasting
  5660 | D:6      | Reached XP level 8. HP: 25/41 MP: 8/19
  5911 | D:6      | Reached * piety under Dithmenos
  6495 | D:7      | Reached skill level 5 in Transmutations
  6498 | D:7      | Slain by a gnoll sergeant

Illustrated notes

Levels and vault maps discovered:
D:1:      eino_arrival_water_star, layout_rooms, chequers_serial_rivers_micro_c
D:2:      layout_loops_ring, grunt_ministairs_14
D:3:      cheibrodos_greedy_goblins, layout_loops_corners,
          mainiacjoe_overflow_brackets, serial_shops, nicolae_shop_trees,
          nicolae_elevator_lobby_plus, uniq_sigmund
D:4:      layout_loops_ring, temple_pool_b
D:5:      layout_gridville, mainiacjoe_overflow_24_doors,
          kennysheep_generic_room_16
D:6:      layout_loops_ring, serial_shops, shop
D:7:      layout_loops_ring, grunt_temple_overflow_open,
          mainiacjoe_overflow_surrounded_room, mainiacjoe_overflow_alcove_4,
          nicolae_shop_overcharged_wands
Temple:   nicolae_temple_superstar

Skill      XL: |  1  2  3  4  5  6  7  8 |
---------------+-------------------------+-----
Transmutations | 2 3 4 5 |  5.0
Air Magic      | 2 3 4 |  4.0
Spellcasting   | 4 5 6 |  6.6
Poison Magic   | 4 5 |  5.9
Stealth        | 4 |  4.7
Conjurations   | 2 3 |  3.0
Dodging        | 3 4 |  4.4

Action                     |  1- 3 |  4- 6 |  7- 9 || total
---------------------------+-------+-------+-------++-------
  Melee: Unarmed           |    13 |       |       ||    13
         Short sword       |    57 |    68 |    58 ||   183
         Punch             |       |       |     1 ||     1
   Cast: Sting             |    35 |    53 |    61 ||   149
         Poisonous Vapours |     4 |     3 |     6 ||    13
         Mephitic Cloud    |       |     2 |     5 ||     7
         Olgreb's Toxic Ra |       |     4 |     6 ||    10
    Use: Scroll            |     6 |     3 |     8 ||    17
   Stab: Sleeping          |     1 |     2 |     1 ||     4
         Confused          |       |     2 |       ||     2
         Distracted        |       |     1 |       ||     1
 Armour: Robe              |     8 |    14 |     1 ||    23
         Steam dragon scal |       |       |    22 ||    22
  Dodge: Dodged            |    53 |    48 |    58 ||   159

Table legend: (Time is in decaauts)
 A = Elapsed time spent in this place.
 B = Non-inter-level travel time spent in this place.
 C = Inter-level travel time spent in this place.
 D = Time resting spent in this place.
 E = Time spent auto-exploring this place.
 F = Levels seen in this place.
 G = Mean time per level.
                   A        B        C        D        E       F      G
               +--------+--------+--------+--------+--------+-----+--------+
         Total |   6502 |   6224 |    278 |    714 |   4491 |   8 |  812.8 |
       Dungeon |   6337 |   6098 |    239 |    714 |   4379 |   7 |  905.3 |
        Temple |    164 |    126 |     38 |      0 |    112 |   1 |  164.0 |
               +--------+--------+--------+--------+--------+-----+--------+

Top non-repeatable levels by time:
     D:3: 1334 daAuts
     D:6: 1293 daAuts
     D:5: 1092 daAuts
     D:4: 946 daAuts
     D:2: 734 daAuts
     D:1: 670 daAuts
     D:7: 265 daAuts
  Temple: 164 daAuts
